 Dungeon Crawl Stone Soup version 0.17-a0-530-gbe3d13a (webtiles) character file.

4354 Hanyuu the Covert (level 10, -13/64 HPs)
             Began as a Kobold Assassin on Apr 12, 2015.
             Was an Elder of Dithmenos.
             Mangled by a hill giant
             ... wielding a +0 giant club
              (39 damage)
             ... on level 10 of the Dungeon on Apr 13, 2015.
             The game lasted 00:39:40 (10421 turns).

Hanyuu the Covert (Kobold Assassin)                Turns: 10421, Time: 00:39:40

Health: -13/64     AC: 12    Str: 11      XL:     10   Next: 60%
Magic:  12/12      EV: 22    Int: 11 (12) God:    Dithmenos [****..]
Gold:   262        SH:  0    Dex: 20      Spells: 2 memorised, 7 levels left

rFire  + . .     SeeInvis .     b - +0 blowgun
rCold  . . .     Clarity  .     P - +2 robe {MR+}
rNeg   . . .     SustAb   .     (shield restricted)
rPois  .         Gourm    .     (no helmet)
rElec  .         Spirit   .     J - +2 cloak
rCorr  .         Warding  .     w - +0 pair of gloves
rMut   .         Stasis   .     (no boots)
MR     +....                    (no amulet)
Stlth  +++++++++.               A - +3 ring of intelligence
                                E - +4 ring of protection

@: wreathed by umbra, somewhat resistant to hostile enchantments, incredibly
stealthy
A: carnivore 3, fire resistance 1
a: Shadow Step, Renounce Religion


You were on level 10 of the Dungeon.
You worshipped Dithmenos.
Dithmenos was greatly pleased with you.
You were not hungry.

You visited 1 branch of the dungeon, and saw 10 of its levels.

You collected 531 gold pieces.
You spent 269 gold pieces at shops.

Inventory:

Hand weapons
 a - a +2 dagger
 b - a +0 blowgun (weapon)
Missiles
 e - 43 poisoned needles (quivered)
 f - 2 curare-tipped needles
 G - 3 needles of frenzy
Armour
 w - a +0 pair of gloves (worn)
 C - a +0 leather armour
 J - a +2 cloak (worn)
 N - the cursed +1 ring mail of Cain {-Tele Dex+3}
   (You found it on level 7 of the Dungeon)

   It affects your dexterity (+3).
   It prevents most forms of teleportation.
   It has a curse placed upon it.
 P - a +2 robe of magic resistance (worn)
Magical staves
 R - an uncursed staff of wizardry
Jewellery
 A - a +3 ring of intelligence (right hand)
 E - a +4 ring of protection (left hand)
 V - an uncursed ring of flight
Magical devices
 c - a wand of disintegration (16)
 d - a wand of polymorph (15)
 s - a wand of lightning (0)
 O - a wand of slowing (26)
Scrolls
 j - 2 scrolls of teleportation
 k - a scroll of enchant armour {unknown}
 o - a scroll of amnesia
 p - 2 scrolls of identify
 r - a scroll of fear
 t - 2 scrolls of random uselessness
 u - 2 scrolls of blinking
 y - 2 scrolls of remove curse
 K - 4 scrolls of enchant weapon
 M - 2 scrolls of immolation
Potions
 h - 2 potions of magic
 l - a potion of might {unknown}
 n - 4 potions of curing
 q - a potion of flight
 x - 3 potions of ambrosia
 z - 2 potions of restore abilities
 B - a potion of brilliance
 D - 2 potions of heal wounds
 F - a potion of invisibility
 H - a potion of resistance
 L - a potion of mutation {unknown}
 U - a potion of cure mutation {unknown}
 W - 3 potions of haste
Books
 T - a book of Cantrips

   Spells                             Type                      Level
   a - Corona                         Hexes                        1
   b - Animate Skeleton               Necromancy                   1
   c - Summon Small Mammal            Summoning                    1
   d - Apportation                    Translocation                1
Comestibles
 g - 6 meat rations
 i - 5 beef jerkies


   Skills:
 + Level 8.1 Fighting
 + Level 9.7 Short Blades
 - Level 4.0 Throwing
 + Level 8.4 Dodging
 + Level 11.3 Stealth
 + Level 3.5 Evocations


You had 7 spell levels left.
You knew the following spells:

 Your Spells              Type           Power        Failure   Level  Hunger
a - Apportation           Tloc           #.........   34%         1    ##.....
b - Summon Small Mammal   Summ           #...         34%         1    ##.....


Dungeon Overview and Level Annotations

Branches:
Dungeon (10/15)            Temple (0/1) D:7
   Lair: D:8-11         Orc: D:9-12

Altars:
Ashenzari
Dithmenos
Fedhas
Gozag
Kikubaaqudgha
Okawaru
Qazlal
Trog

Shops:
D:6 ?


Innate Abilities, Weirdness & Mutations

You are small and have problems with some larger weapons.
You are carnivorous and can eat meat at any time.
Your flesh is heat resistant.


Message History

The hound is poisoned.
The hound is almost dead.
The hound completely misses you.
The hill giant hits you with a giant club!!
Firing (i - inventory. (,) - cycle):
e - 45 poisoned needles (quivered)
Press: ? - help, Shift-Dir - straight line, f - hill giant, p - hound
Aim: a hill giant, wielding a giant club (umbra)
You shoot a poisoned needle.
The poisoned needle barely misses the hill giant.
The hound completely misses you.
You kill the hound!
Dithmenos accepts your kill.
Firing (i - inventory. (,) - cycle):
e - 44 poisoned needles (quivered)
Press: ? - help, Shift-Dir - straight line, f/p - hill giant
Aim: a hill giant, wielding a giant club (umbra)
You shoot a poisoned needle.
The poisoned needle barely misses the hill giant.
The hill giant hits you with a giant club!!!
Ouch! That really hurt!
You die...

,*** *,,,,,,,**....*#........#
,*,* *.,..,,#.##..##.#.......#
,*,*** #.....*.#.#..#.#.#.......
*,,,,**##(....##.#....#.##.......
,,,,,>.......#.##......##.#......
,,,,,,,#....#.#........(.#.#.....
,,,,,,**#...##............##.....
,,,,,** *#.#.........(......#....
,,,,** #......@C......(...(.#..
***** ###†.#..###.##..........
*#.###..##...<###...### #..*
##..##..## ##..# #.#* ##....##
#.## *#.* #...## *#.# **** *.#*
##..# *.## **,,**#.* #### *.*
*,,,,,,,* *#*


You could see a hill giant.

Vanquished Creatures
  A hill giant (D:9)
  Psyche (D:8)
  A wyvern (D:8)
  A deep elf mage (D:9)
  A mottled dragon (D:8)
  A water moccasin (D:9)
  A sky beast (D:8)
  4 ice beasts
  An orc warrior (D:6)
  5 ogres
  3 centaurs
  2 big kobolds (D:9)
  A giant frog (D:9)
  2 scorpions
  4 killer bees (D:7)
  A centaur zombie (D:7)
  A goliath beetle (D:5)
  2 crimson imps
  A jelly (D:8)
  4 giant frog skeletons
  2 orc priests
  4 hounds
  2 iguanas
  9 worker ants
  A gnoll shaman (D:9)
  7 orc wizards
  A hound zombie (D:8)
  A worker ant zombie (D:7)
  10 gnolls
  3 river rats (D:5)
  16 adders
  2 shadow imps
  4 worms
  An adder zombie (D:9)
  3 adder skeletons
  3 giant geckos
  2 oozes
  30 orcs
  6 ball pythons
  3 giant cockroaches
  14 hobgoblins
  17 kobolds
  16 bats
  6 giant newts
  10 goblins
  17 jackals
  2 quokkas (D:5)
  13 rats
243 creatures vanquished.

Vanquished Creatures (collateral kills)
  A worker ant (D:10)
1 creature vanquished.

Grand Total: 244 creatures vanquished

Notes
Turn   | Place    | Note
--------------------------------------------------------------
     0 | D:1      | Hanyuu, the Kobold Assassin, began the quest for the Orb.
     0 | D:1      | Reached XP level 1. HP: 12/12 MP: 1/1
    76 | D:1      | You fall through a shaft!
    97 | D:2      | Reached XP level 2. HP: 12/18 MP: 2/2
   197 | D:2      | Reached XP level 3. HP: 2/22 MP: 3/3
   708 | D:2      | Reached XP level 4. HP: 27/27 MP: 4/4
  1482 | D:3      | Reached skill level 6 in Stealth
  1567 | D:3      | Gained mutation: Your flesh is heat resistant. [potion of beneficial mutation]
  1663 | D:3      | Found an opulent altar of Gozag.
  1845 | D:3      | Reached XP level 5. HP: 32/32 MP: 5/5
  2289 | D:3      | Found a shadowy altar of Dithmenos.
  2312 | D:3      | Became a worshipper of Dithmenos the Shadowed
  2616 | D:5      | Entered Level 5 of the Dungeon
  3054 | D:4      | Found a blossoming altar of Fedhas.
  3285 | D:4      | Reached XP level 6. HP: 18/38 MP: 6/6
  3826 | D:5      | Reached skill level 7 in Stealth
  3852 | D:5      | Noticed a centaur
  3865 | D:5      | Killed a centaur
  3865 | D:5      | Reached XP level 7. HP: 37/43 MP: 7/7
  3973 | D:5      | Reached skill level 5 in Short Blades
  5055 | D:5      | Reached skill level 5 in Fighting
  5055 | D:5      | Reached XP level 8. HP: 49/49 MP: 8/8
  5183 | D:6      | Reached skill level 8 in Stealth
  5213 | D:6      | Acquired Dithmenos's first power
  5244 | D:6      | Found Milir's Magic Scroll Shop.
  5281 | D:6      | Found an iron altar of Okawaru.
  5285 | D:6      | Found an ancient bone altar of Kikubaaqudgha.
  5289 | D:6      | Found a shattered altar of Ashenzari.
  5290 | D:6      | Found a bloodstained altar of Trog.
  5335 | D:6      | Bought a scroll of enchant weapon for 112 gold pieces
  5400 | D:6      | Reached skill level 5 in Dodging
  6178 | D:6      | Bought a scroll of blinking for 112 gold pieces
  6178 | D:6      | Bought a scroll of teleportation for 45 gold pieces
  6203 | D:7      | Found a stormy altar of Qazlal.
  6222 | D:7      | Found a blossoming altar of Fedhas.
  6429 | D:7      | Reached skill level 9 in Stealth
  6438 | D:7      | Reached XP level 9. HP: 45/55 MP: 9/9
  6749 | D:7      | Got a transparent ring mail
  6750 | D:7      | Identified the cursed +1 ring mail of Cain {-Tele Dex+3} (You found it on level 7 of the Dungeon)
  6765 | D:7      | Found a staircase to the Ecumenical Temple.
  6848 | D:7      | Acquired Dithmenos's second power
  7768 | D:8      | Reached skill level 10 in Stealth
  7818 | D:8      | Noticed Psyche
  7839 | D:8      | Killed Psyche
  8154 | D:8      | Reached XP level 10. HP: 63/63 MP: 10/10
  8318 | D:8      | Reached skill level 1 in Evocations
  8337 | D:8      | Learned a level 1 spell: Apportation
  8339 | D:8      | Learned a level 1 spell: Summon Small Mammal
  8835 | D:9      | Acquired Dithmenos's third power
  8973 | D:9      | Reached skill level 11 in Stealth
  9775 | D:9      | Noticed a hill giant
  9846 | D:9      | Killed a hill giant
 10308 | D:10     | Entered Level 10 of the Dungeon
 10377 | D:10     | Noticed a hill giant
 10421 | D:10     | Mangled by a hill giant

Action                   |  1- 3 |  4- 6 |  7- 9 | 10-12 || total
-------------------------+-------+-------+-------+-------++-------
Melee: Dagger            |    41 |   177 |   406 |   166 ||   790
 Fire: Blowgun           |    13 |    40 |   108 |    64 ||   225
Evoke: Wand              |       |       |     7 |     9 ||    16
  Use: Scroll            |       |     6 |    14 |     7 ||    27
       Potion            |       |     1 |       |       ||     1
 Stab: Sleeping          |     4 |    23 |    44 |    16 ||    87
       Distracted        |       |     1 |     6 |     2 ||     9
  Eat: Chunk             |       |    10 |    18 |     4 ||    32
